 Dungeon Crawl Stone Soup version 0.27-a0-96-gb51a1d6fd6 (webtiles) character file.

Game seed: 7185820340422425334

163 knot the Chopper (level 5, 38/41 HPs)
             Began as a Demonspawn Berserker on Jan 19, 2021.
             Was a Believer of Trog.
             Quit the game on level 4 of the Dungeon.
             The game lasted 00:02:19 (3553 turns).

knot the Chopper (Demonspawn Berserker)             Turns: 3553, Time: 00:02:19

Health: 38/41      AC:  7    Str: 17    XL:     5   Next: 20%
Magic:  5/5        EV: 15    Int: 10    God:    Trog [**....]
Gold:   182        SH:  0    Dex: 12    Spells: 4/4 levels left

rFire    + . .     SeeInvis .   a - +0 hand axe
rCold    . . .     Faith    .   (no shield)
rNeg     . . .     Spirit   .   u - +0 scale mail
rPois    .         Reflect  .   (no helmet)
rElec    .         Harm     .   (no cloak)
rCorr    .         Rampage  .   i - +0 pair of gloves
Will     .....                  (no boots)
Stlth    ..........             n - amulet of magic regeneration
HPRegen  0.13/turn              r - +4 ring of evasion
MPRegen  0.34/turn              t - ring of flight

@: no status effects
A: fire resistance 1, sturdy frame 1
a: Renounce Religion, Evoke Flight, Berserk, Trog's Hand


You were on level 4 of the Dungeon.
You worshipped Trog.
Trog was pleased with you.
You visited 1 branch of the dungeon, and saw 4 of its levels.

You collected 182 gold pieces.

Inventory:

Hand Weapons
 a - a +0 hand axe (weapon)
Missiles
 e - 18 sling bullets
 m - 106 stones
 o - 5 boomerangs
Armour
 b - a +0 animal skin
 i - a +0 pair of gloves (worn)
 u - a +0 scale mail (worn)
Jewellery
 n - an amulet of magic regeneration (around neck)
 r - a +4 ring of evasion (left hand)
 t - a ring of flight (right hand)
Scrolls
 c - a scroll of fear {unknown}
 f - 3 scrolls of identify {unknown}
 g - 2 scrolls of magic mapping {unknown}
 h - 7 scrolls of remove curse {unknown}
 k - 2 scrolls of amnesia {unknown}
 l - a scroll of enchant armour {unknown}
Potions
 d - 2 potions of berserk rage {unknown}
 j - a potion of might {unknown}
 p - a potion of ambrosia {unknown}
 q - 2 potions of brilliance {unknown}
 s - a potion of curing {unknown}


   Skills:
 - Level 3.0 Fighting
 + Level 5.4 Axes
 - Level 1.7 Armour
 - Level 1.7 Dodging


You had 4 spell levels left.
You didn't know any spells.
Your spell library was empty.

Dungeon Overview and Level Annotations

Branches:
Dungeon (4/15)
 Temple: D:4-7

Altars:
Ashenzari


Innate Abilities, Weirdness & Mutations

Your flesh is heat resistant. (rF+)
Your movements are slightly less encumbered by armour. (ER -2)


Message History

The centaur skeleton is severely damaged.
The centaur skeleton closely misses you.
You hit the centaur skeleton.
The centaur skeleton is severely damaged.
The centaur skeleton closely misses you.
The centaur skeleton hits you but does no damage.
You hit the centaur skeleton.
The centaur skeleton is almost destroyed.
The centaur skeleton hits you.
You completely miss the centaur skeleton.
The centaur skeleton is almost destroyed.
The centaur skeleton barely misses you.
The centaur skeleton hits you but does no damage.
You slash the centaur skeleton!
You destroy the centaur skeleton!
Trog accepts your kill.
You have reached level 5!
Your demonic ancestry asserts itself...
You feel resistant to heat.
Are you sure you want to abandon this character and quit the game? (Confirm with "yes".)

######
#######.<..#..#
...............#
#######.##.##..#
#.# ... #
###.######
#........####
+............
#....@..#####
#.......#
#.......#
#.......#
#####...# #....
#...## #####


There were no monsters in sight!

Vanquished Creatures
  A centaur skeleton (D:4)
  A bullfrog skeleton (D:3)
  A gnoll (D:1)
  2 adders (D:2)
  A worm (D:2)
  4 dart slugs
  2 leopard geckos (D:2)
  An orc (D:3)
  5 giant cockroaches
  10 goblins
  7 hobgoblins
  A quokka (D:2)
  A ball python (D:3)
  8 bats
  10 kobolds
  8 rats
63 creatures vanquished.

Notes
Turn   | Place    | Note
-------+----------+-------------------------------------------
     0 | D:1      | knot the Demonspawn Berserker began the quest for the Orb.
     0 | D:1      | Reached XP level 1. HP: 18/18 MP: 1/1
    63 | D:1      | Reached skill level 3 in Axes
   272 | D:1      | Gained mutation: Your movements are slightly less
                  | encumbered by armour. (ER -2) [demonic ancestry]
   272 | D:1      | Reached XP level 2. HP: 23/24 MP: 2/2
   385 | D:1      | Found a broken altar of Ashenzari.
   575 | D:1      | Reached XP level 3. HP: 26/29 MP: 3/3
   788 | D:1      | Reached ** piety under Trog
   870 | D:1      | Reached skill level 4 in Axes
  2250 | D:2      | Reached XP level 4. HP: 33/35 MP: 4/4
  2883 | D:3      | Reached skill level 5 in Axes
  3553 | D:4      | Gained mutation: Your flesh is heat resistant. (rF+)
                  | [demonic ancestry]
  3553 | D:4      | Reached XP level 5. HP: 38/41 MP: 5/5
  3553 | D:4      | Quit the game

Illustrated notes

Levels and vault maps discovered:
D:1:      lordsloth_arrival_two_stooges, layout_basic, kennysheep_minor_cross,
          st_stairs_13, ashenzari_altar_1
D:2:      layout_loops_ring, minmay_misc_feat_enclosed, minmay_split_cup_small
D:3:      layout_basic, chequers_garden
D:4:      layout_basic, temple_doors_cd, uniq_eustachio

Skill      XL: |  1  2  3  4 |
---------------+-------------+-----
Axes           | 3 4 5 |  5.4
Fighting       | |  3.0
Armour         | |  1.7
Dodging        | |  1.7

Action                   |  1- 3 |  4- 6 || total
-------------------------+-------+-------++-------
Melee: Hand axe          |   104 |    96 ||   200
Invok: Berserk           |     2 |     1 ||     3
 Stab: Sleeping          |       |     1 ||     1
Armor: Animal skin       |    11 |    18 ||    29
       Scale mail        |       |     3 ||     3
Dodge: Dodged            |    66 |    58 ||   124

Table legend: (Time is in decaauts)
 A = Elapsed time spent in this place.
 B = Non-inter-level travel time spent in this place.
 C = Inter-level travel time spent in this place.
 D = Time resting spent in this place.
 E = Time spent auto-exploring this place.
 F = Levels seen in this place.
 G = Mean time per level.
                   A        B        C        D        E       F      G
               +--------+--------+--------+--------+--------+-----+--------+
         Total |   3598 |   3272 |    326 |    781 |   2063 |   4 |  899.5 |
       Dungeon |   3598 |   3272 |    326 |    781 |   2063 |   4 |  899.5 |
               +--------+--------+--------+--------+--------+-----+--------+

Top non-repeatable levels by time:
     D:1: 1353 daAuts
     D:2: 1276 daAuts
     D:3: 951 daAuts
     D:4: 17 daAuts
